 Dungeon Crawl Stone Soup version 0.30.1-9-gdf580d7c3d (webtiles) character file.

Game seed: 11145490610125229718

121 Nonny the Slasher (level 5, -4/32 HPs)
             Began as a Tengu Cinder Acolyte on Oct 21, 2023.
             Was a High Priest of Ignis.
             Slain by a kobold
             ... wielding a +0 falchion
              (9 damage)
             ... on level 3 of the Dungeon.
             The game lasted 00:05:25 (1766 turns).

Nonny the Slasher (Tengu Cinder Acolyte)            Turns: 1766, Time: 00:05:25

Health: -4/32      AC:  3    Str: 20    XL:     5   Next: 5%
Magic:  7/7        EV: 13    Int: 15    God:    Ignis [*****.]
Gold:   46         SH:  0    Dex: 11    Spells: 2/6 levels left

rFire   + . .        a - +0 falchion (flame)
rCold   + . .        (no shield)
rNeg    . . .        b - +1 robe
rPois   .            (helmet restricted)
rElec   +            (no cloak)
rCorr   .            (no gloves)
SInv    .            (boots unavailable)
Will    .....        (no amulet)
Stlth   +            l - ring "Neobrul" {rElec rC+ Str+6}
HPRegen 0.25/turn    (no ring)
MPRegen 0.10/turn

%: no passive effects
@: flying quickly and evasively, quick
A: beak, talons 3, nimble flight
a: Renounce Religion, Fiery Armour, Foxfire Swarm, Rising Flame


You were on level 3 of the Dungeon.
You worshipped Ignis.
Ignis was extremely pleased with you.
You visited 1 branch of the dungeon, and saw 3 of its levels.

You collected 46 gold pieces.

Inventory:

Hand Weapons
 a - a +0 falchion of flaming (weapon)
 k - a +2 heavy falchion
Armour
 b - a +1 robe (worn)
Jewellery
 l - the ring "Neobrul" (left hand) {rElec rC+ Str+6}
   (You found it on level 2 of the Dungeon)

   [ring of strength]

   Str:       It affects your strength (+6).
   rC:        It protects you from cold.
   rElec:     It insulates you from electricity.
Scrolls
 d - a scroll of identify
Potions
 c - a potion of haste
 e - 3 potions of curing
 j - 2 potions of might


   Skills:
 - Level 3.0 Fighting
 + Level 5.1 Long Blades
 - Level 1.0 Spellcasting
 * Level 4.5 Fire Magic
 * Level 0.9 Air Magic


You had 2 spell levels left.
You knew the following spells:

 Your Spells              Type           Power      Damage    Failure   Level
a - Scorch                Fire           28%        2d6       6%          2
b - Poisonous Vapours     Pois/Air       4%         N/A       30%         2

Your spell library contained the following spells:

 Spells                   Type           Power      Damage    Failure   Level
 Sublimation of Blood     Necr           0%         N/A       36%         2
 Wereblood                Tmut           0%         N/A       36%         2
 Mephitic Cloud           Conj/Pois/Air  1%         N/A       54%         3
 Freezing Cloud           Conj/Ice/Air   0%         6-21      99%         5
 Summon Hydra             Summ           0%         N/A       100%        7


Dungeon Overview and Level Annotations

Branches:
Dungeon (3/15)

Altars:
Vehumet

Annotations:
D:3 Robin


Innate Abilities, Weirdness & Mutations

You have a beak for a mouth.
You have claws for feet.
Your magical nature lets you fly swiftly and evasively.


Message History

The kobold is heavily wounded.
The kobold closely misses you. The kobold barely misses you.
The orc closely misses you.
You hit the kobold but do no damage. You claw the kobold, but do no damage.
Your peck misses the kobold.
The kobold is heavily wounded.
The kobold barely misses you. The orc hits you with a +0 club.
Robin hits you from afar with a +3 spear.
You miss the kobold. You claw the kobold.
The kobold is almost dead.
The kobold closely misses you. The kobold hits you with a +0 falchion.
Robin closely misses you. The orc hits you with a +0 club.
* * * LOW HITPOINT WARNING * * *
Unknown command.
Robin says, "My goblins will feast on your bones."
Robin roars a battlecry!
You hear a shout!
The kobold attacks as you move away! The kobold closely misses you.
Robin roars a battlecry!
The bat hits you.
* * * LOW HITPOINT WARNING * * *
A rat comes into view.
Found a knobbly smoking staff.
The bat closely misses you.
The kobold throws a stone.
The stone barely misses you.
A giant cockroach comes into view.
You hear a shout!
The rat misses you. Robin throws the goblin at you!
The goblin closely misses you. The bat misses you.
You closely miss the giant cockroach. The bat closely misses you. x2
The giant cockroach closely misses you. The rat barely misses you.
A giant cockroach comes into view.
The goblin hits you with a +0 club.
* * * LOW HITPOINT WARNING * * *
Unknown command.
The giant cockroach bites you.
* * * LOW HITPOINT WARNING * * *
The rat completely misses you. The kobold closely misses you.
The kobold attacks as you move away! The kobold hits you with a +0 falchion!
You die...

..* #..o...........#**,*
.,* #...o##........#*..*
,,* #..............##.#*
*** ####.#.g..##......*
* ******#..##........##*
***8,,_*##............##
,**,,,,* ##...oo.K.....#
,,+,,,,* #....rbg.####*
**** ,,*,,***
#....K@B##~~****~~**
,,*8,*,*
##......B~~~~~~~~~~*
********
##...####~~##**~~**
##### **##~~**~*
*~~~~~~*~* *~~~~∩~*~*
*~**~~**~* **~~****~~**
*~~~~~~~~~~*


You could see Robin, 2 orcs, 2 giant cockroaches, a goblin (strong), a bat, 2
kobolds and a rat.

Vanquished Creatures
  3 gnolls (D:2)
  3 adders (D:2)
  A worm (D:2)
  A dart slug (D:2)
  5 orcs (D:3)
  5 bats
  2 endoplasms (D:2)
  4 giant cockroaches
  5 goblins
  7 hobgoblins
  4 kobolds
  3 quokkas
  2 ball pythons (D:2)
  4 frilled lizards
  3 rats
52 creatures vanquished.

Notes
Turn   | Place    | Note
-------+----------+-------------------------------------------
     0 | D:1      | Nonny the Tengu Cinder Acolyte began the quest for the Orb.
     0 | D:1      | Reached XP level 1. HP: 14/14 MP: 3/3
   180 | D:1      | Starting vault: the layers of an onion
   270 | D:1      | Reached XP level 2. HP: 19/19 MP: 4/4
   273 | D:1      | Learned a level 2 spell: Scorch
   387 | D:1      | Found a faded altar of an unknown god.
   750 | D:2      | Reached skill level 4 in Long Blades
   760 | D:2      | Reached XP level 3. HP: 20/23 MP: 5/5
  1161 | D:2      | Reached XP level 4. HP: 11/28 MP: 6/6
  1241 | D:2      | Learned a level 2 spell: Poisonous Vapours
  1298 | D:2      | Found a radiant altar of Vehumet.
  1353 | D:2      | Identified the ring "Neobrul" {rElec rC+ Str+6}
  1569 | D:2      | Vault: vauguely circular chamber with diamond taking up
                  | center, deep water
  1657 | D:3      | Reached skill level 5 in Long Blades
  1665 | D:3      | Noticed Robin
  1701 | D:3      | Gained mutation: Your magical nature lets you fly swiftly
                  | and evasively. [Tengu growth]
  1701 | D:3      | Reached XP level 5. HP: 12/32 MP: 7/7
  1766 | D:3      | Slain by a kobold

Illustrated notes #....#....##.....'...## ##...##....###...#.#+#. #(...##.....#####.#... ##....###.......#..... ##.....####....#..### ##.......####.####.. .########.........#..... .l.....#####......#....# #.@...########...## #####...........## ############# Turn 180 on D:1: Starting vault: the layers of an onion

##.........## ##...........##
##...≈≈≈.≈≈≈...#############
####...≈≈.....≈≈...##.........#
.##...≈≈..###..≈≈...#########.#
.#♣..≈≈..## ##..≈≈..♣# #.#
##...≈..## ##..≈...# #.#
.'...≈.## ##.≈...# #.# .'.....#
#@....# #.# .'.†.≈.## ##.≈...#
#.# ##...≈..## ##..≈...# #.###
.#♣..≈≈..## ##..≈≈..♣# #....
###...≈≈..###..≈≈...# ##### #
##...≈≈.....≈≈...### #
##...≈≈≈.≈≈≈...##.########
##...........###.#......#
##.........##.....####.#


Turn 1569 on D:2: Vault: vauguely circular chamber with diamond taking up
center, deep water

Levels and vault maps discovered:
D:1:      dpeg_arrival_circle_labyrinth_a, layout_basic,
          chequers_ecumenical_altar_simple_redux, minmay_crystal_room
D:2:      layout_loops_ring, basic_altar, kennysheep_donut
D:3:      minmay_evil_eye, layout_rooms, mainiacjoe_overflow_alcove_2,
          zin_angel, gup_sewer_entry_bubbles, uniq_robin

Skill      XL: |  1  2  3  4 |
---------------+-------------+-----
Long Blades    | 4 5 |  5.1
Fire Magic     | 4 |  4.5
Fighting       | |  3.0
Spellcasting   | |  1.0
Air Magic      | |  0.9

Action                     |  1- 3 |  4- 6 || total
---------------------------+-------+-------++-------
  Melee: Falchion          |    69 |    59 ||   128
         Peck              |    12 |     8 ||    20
         Kick              |    15 |    17 ||    32
         Punch             |     1 |       ||     1
   Cast: Scorch            |     2 |       ||     2
    Use: Scroll            |       |     7 ||     7
 Armour: Robe              |    25 |    25 ||    50
  Dodge: Dodged            |    39 |    63 ||   102
